 Dungeon Crawl Stone Soup version 0.31-a0-632-g766dd24fdf (webtiles) character file.

Game seed: 3608139293061581671

80 thirtiethelement the Shooter (level 4, -9/34 HPs)
             Began as a Demonspawn Hunter on Aug 26, 2023.
             Killed by nerve-wracking pain
             ... invoked by Grinder
              (14 damage)
             ... while paralysed by Grinder
             ... on level 3 of the Dungeon.
             The game lasted 00:03:07 (1901 turns).

thirtiethelement the Shooter (Demonspawn Hunter)    Turns: 1901, Time: 00:03:08

Health: -9/34      AC:  3    Str: 13    XL:     4   Next: 18%
Magic:  13/13      EV:  2    Int:  9    God:
Gold:   140        SH:  0    Dex: 18    Spells: 3/3 levels left

rFire   . . .        b - +0 hand axe of Eternal Vigilance {vamp, Fly rCorr Str+2 Int-2}
rCold   . . .        (no shield)
rNeg    . . .        c - +0 leather armour
rPois   .            (no helmet)
rElec   .            (no cloak)
rCorr   +            (no gloves)
SInv    .            (no boots)
Will    .....        (no amulet)
Stlth   ++           d - ring of magical power
HPRegen 0.25/turn    (no ring)
MPRegen 0.13/turn

%: no passive effects
@: paralysed, flying
A: powered by death 1
a: no special abilities


You were on level 3 of the Dungeon.
You visited 1 branch of the dungeon, and saw 3 of its levels.

You collected 140 gold pieces.

Inventory:

Hand Weapons
 a - a +0 shortbow
 b - the +0 hand axe of Eternal Vigilance (weapon) {vamp, Fly rCorr Str+2 Int-2}
   (You found it on level 2 of the Dungeon)

   Str+2:     It affects your strength (+2).
   Int-2:     It affects your intelligence (-2).
   Fly:       It grants you flight.
   rCorr:     It protects you from acid and corrosion.
Missiles
 m - 5 poisoned darts (quivered)
Armour
 c - a +0 leather armour (worn)
Jewellery
 d - a ring of magical power (left hand)
Talismans
 q - a blade talisman
Wands
 j - a wand of iceblast (13)
Scrolls
 g - a scroll of identify {unknown}
 i - a scroll of blinking {unknown}
 k - a scroll of fear {unknown}
 l - a scroll of butterflies
 n - a scroll of enchant weapon {unknown}
Potions
 e - a potion of degeneration {unknown}
 f - 2 potions of lignification {unknown}
 h - a potion of might {unknown}
 o - a potion of enlightenment {unknown}
 p - a potion of berserk rage {unknown}


   Skills:
 + Level 2.4 Fighting
 + Level 0.6 Axes
 + Level 4.7 Ranged Weapons
 + Level 0.5 Armour
 + Level 1.8 Dodging
 + Level 1.0 Stealth


You had 3 spell levels left.
You didn't know any spells.
Your spell library contained the following spells:

 Spells                   Type           Power      Damage    Failure   Level
 Vhi's Electric Charge    Tloc/Air       0%         N/A       83%         3
 Arcjolt                  Conj/Air       0%         1d10      100%        5
 Plasma Beam              Fire/Air       0%         2x1d10    100%        6


Dungeon Overview and Level Annotations

Branches:
Dungeon (3/15)

Altars:

Annotations:
D:3 3 runed translucent doors, Grinder; javelincjr's ghost, weakling DsCj


Innate Abilities, Weirdness & Mutations

You regenerate a little health from kills.


Message History

No target in view!
You see here a rat corpse.
There is a stone staircase leading down here.
Found a blade talisman.
There is a stone staircase leading down here.
Grinder comes into view.
A ball python comes into view.
Grinder shouts!
The ball python hisses angrily.
You float gracefully downwards.
You feel the dreadful sensation subside.
a - a +0 shortbow (weapon)
You shoot an arrow.
The arrow hits Grinder but does no damage.
Grinder gestures at you.
You suddenly lose the ability to move!
You can move again.
You feel stronger.
You feel stupid.
You fly up into the air.
You feel a sense of dread.
b - the +0 hand axe of Eternal Vigilance (weapon)
{vamp, Fly rCorr Str+2 Int-2} You hit the ball python.
You kill the ball python!
Grinder blinks!
You see here a blade talisman.
q - a blade talisman You hit Grinder.
Grinder is lightly wounded.
Grinder hits you! x2
You barely miss Grinder.
Grinder is lightly wounded.
Grinder hits you! Grinder gestures at you.
You suddenly lose the ability to move!
Grinder gestures at you. Pain shoots through your body!
* * * LOW HITPOINT WARNING * * *
Grinder gestures at you. Pain shoots through your body!
You die...
Grinder says, "Now the real fun starts!"

#### ...## ###########
##..# #.......... ###.#
#.......... # #.##
#.......... #..###
#..........
####...########...5......
#...............@........
..####..#######..........
### ##..### #..........
#### ##...# #..........
...# ###.####..........
.#.# #......#########
...# ##..>### ##.#
######.#..#
#.###......##.#


You could see Grinder.

Vanquished Creatures
  An adder (D:2)
  A worm (D:2)
  3 dart slugs
  4 ball pythons
  6 endoplasms
  4 giant cockroaches
  3 hobgoblins
  8 jackals
  3 quokkas
  4 bats
  4 frilled lizards
  7 goblins
  2 kobolds (D:1)
  5 rats
55 creatures vanquished.

Notes
Turn   | Place    | Note
-------+----------+-------------------------------------------
     0 | D:1      | thirtiethelement the Demonspawn Hunter began the quest for
                  | the Orb.
     0 | D:1      | Reached XP level 1. HP: 16/16 MP: 1/1
   196 | D:1      | Reached skill level 4 in Ranged Weapons
   196 | D:1      | Gained mutation: You regenerate a little health from kills.
                  | [demonic ancestry]
   196 | D:1      | Reached XP level 2. HP: 22/22 MP: 2/2
   797 | D:1      | Reached XP level 3. HP: 27/27 MP: 3/3
   935 | D:2      | Identified the +0 hand axe of Eternal Vigilance {vamp, Fly
                  | rCorr Str+2 Int-2}
  1194 | D:2      | Reached skill level 1 in Stealth
  1574 | D:3      | Reached XP level 4. HP: 34/34 MP: 4/4
  1625 | D:3      | Noticed javelincjr's ghost (weakling DsCj)
  1627 | D:3      | Found a runed translucent gate.
  1628 | D:3      | Found a runed translucent gate.
  1628 | D:3      | Found a runed translucent gate.
  1884 | D:3      | Noticed Grinder
  1890 | D:3      | Paralysed by Grinder for 2 turns
  1899 | D:3      | Paralysed by Grinder for 5 turns
  1901 | D:3      | Killed from afar by Grinder

Illustrated notes

Levels and vault maps discovered:
D:1:      lemuel_arrival_tunnels, layout_loops_ring, minmay_misc_feat_room,
          nicolae_concentric_dashed_squares_wild, minivault_11
D:2:      layout_basic
D:3:      layout_rooms, ebering_ghost_rock_garden, uniq_grinder

Skill      XL: |  1  2  3 |
---------------+----------+-----
Ranged Weapons | 4 |  4.7
Stealth        | 1 |  1.0
Fighting       | |  2.4
Axes           | |  0.6
Armour         | |  0.5
Dodging        | |  1.8

Action                     |  1- 3 |  4- 6 || total
---------------------------+-------+-------++-------
  Melee: Hand axe          |    62 |    25 ||    87
   Fire: Shortbow          |    72 |     1 ||    73
   Stab: Sleeping          |     2 |       ||     2
 Armour: Leather armour    |    24 |     5 ||    29
  Dodge: Dodged            |    50 |    29 ||    79

Table legend: (Time is in decaauts)
 A = Elapsed time spent in this place.
 B = Non-inter-level travel time spent in this place.
 C = Inter-level travel time spent in this place.
 D = Time resting spent in this place.
 E = Time spent auto-exploring this place.
 F = Levels seen in this place.
 G = Mean time per level.
                   A        B        C        D        E       F      G
               +--------+--------+--------+--------+--------+-----+--------+
         Total |   1941 |   1889 |     52 |      0 |   1521 |   3 |  647.0 |
       Dungeon |   1941 |   1889 |     52 |      0 |   1521 |   3 |  647.0 |
               +--------+--------+--------+--------+--------+-----+--------+

Top non-repeatable levels by time:
     D:1: 866 daAuts
     D:2: 721 daAuts
     D:3: 354 daAuts
